Map: 카이로스 정션 - 래더

Players

JinairRogue (Rogue) - Winner!

  • Race: Zerg Zerg
  • League: Master
  • Spawn Location: 5:00

Solar

  • Race: Zerg Zerg
  • League: Master
  • Spawn Location: 11:00

Event: IEM Season 13 - Katowice Server Qualifiers Asia 1

VOD

Have the link to the VOD?

Description

Time

  • Played on: Jan. 14, 2019, 7:03 a.m.
  • Length: 5:17

All games in this series

Show
View Real Time Build Order
Export as new Build Order

JinairRogue Zerg - Winner!

Build Orders: Hatch First, Zergling Baneling 

Get SALT Encoding   

  12  0:00  Drone  
  13  0:12  Overlord  
  13  0:17  Drone  
  14  0:30  Drone x2  
  16  0:48  Hatchery  
  15  0:50  Drone  
  15  0:54  Drone  
  17  0:57  Drone  
  18  1:07  Extractor  
  17  1:12  Spawning Pool  
  17  1:15  Drone  
  17  1:19  Drone  
  18  1:28  Drone  
  19  1:40  Overlord  
  19  1:52  Drone  
  20  1:59  Queen x2  
  24  2:02  Drone x2  
  24  2:07  Metabolic Boost  
  26  2:11  Drone x2  
  28  2:21  Drone  
  28  2:22  Drone  
  30  2:33  Drone x2  
  32  2:39  Hatchery  
  31  2:44  Baneling Nest  
  31  2:45  Drone  
  31  2:49  Overlord  
  31  2:54  Zergling x4  
  33  3:09  Drone x4  
  33  3:10  Zergling x6  
  33  3:11  Zergling x2  
  41  3:18  Overlord  
  41  3:21  Queen  
  43  3:28  Baneling  
  43  3:29  Evolution Chamber, Baneling  
  42  3:45  Zergling x4  
  42  3:46  Zergling x4  
  42  3:47  Zergling x4  
  48  3:52  Zergling x6  
  48  3:53  Zergling x6  
  54  4:02  Overlord  
  54  4:07  Zergling x2  
  54  4:08  Zergling x2  
  55  4:13  Zergling x6  
  58  4:20  Zergling x2  
  58  4:23  Zergling x2  
  58  4:24  Zergling x6  
  61  4:30  Zergling x2  
  62  4:32  Baneling x6  
  62  4:36  Zergling x2  
  62  4:37  Baneling x4  
  63  4:41  Zergling x6  
  63  4:42  Overlord  
  66  4:48  Zergling x2  
  66  4:52  Zergling x6  
  64  4:55  Zergling x2  
  62  5:00  Baneling  
  62  5:01  Baneling x2  
Show
View Real Time Build Order
Export as new Build Order

Solar Zerg 

Build Orders: Hatch First 

Get SALT Encoding   

  12  0:01  Drone  
  13  0:12  Overlord  
  13  0:16  Drone  
  14  0:31  Drone x2  
  16  0:48  Hatchery  
  15  0:51  Drone  
  15  0:55  Drone  
  17  1:10  Spawning Pool  
  16  1:11  Extractor  
  16  1:13  Drone  
  16  1:17  Drone  
  17  1:20  Drone  
  18  1:28  Drone  
  19  1:43  Drone  
  20  1:54  Overlord  
  20  1:57  Queen  
  20  1:59  Queen  
  20  2:00  Drone x2  
  26  2:11  Drone x2  
  26  2:13  Metabolic Boost  
  28  2:22  Drone x2  
  30  2:35  Hatchery  
  29  2:43  Drone  
  30  2:45  Baneling Nest  
  30  2:46  Drone  
  30  2:47  Drone  
  30  2:49  Drone  
  32  2:55  Overlord  
  32  2:57  Zergling x2  
  33  3:04  Drone x2  
  35  3:07  Drone  
  36  3:14  Queen  
  36  3:15  Drone x2  
  36  3:16  Drone  
  41  3:20  Zergling x2  
  41  3:21  Evolution Chamber  
  41  3:25  Overlord  
  41  3:26  Zergling x2  
  42  3:29  Baneling  
  42  3:30  Zergling x4  
  44  3:41  Baneling  
  44  3:44  Zergling x6, Drone x2  
  44  3:47  Drone x2  
  50  3:51  Drone  
  50  3:54  Overlord  
  51  3:58  Drone  
  51  4:02  Drone  
  53  4:05  Drone  
  53  4:07  Drone  
  54  4:11  Overlord, Drone  
  54  4:12  Drone x2  
  57  4:17  Overlord  
  57  4:22  Drone x2  
  58  4:26  Overlord  
  58  4:29  Roach Warren, Extractor, Drone  
  58  4:30  Extractor, Zergling x2  
  55  4:32  Baneling  
  55  4:34  Zergling x2  
  55  4:35  Zergling x4  
  55  4:36  Baneling  
  55  4:37  Baneling x2  
  58  4:43  Zergling x10  
  58  4:44  Zergling x2  
  64  4:51  Zergling x6  
  65  4:56  Overlord  

Tags
 
Add a new tag
Caveats
  • Supply blocks, unpowered buildings, or Contaminate may cause inaccurate times.
  • Supply counts are checked every 10 seconds.